 Dungeon Crawl Stone Soup version 0.24-a0-584-g9d6b971ae4 (webtiles) character file.

Game seed: 4474878427625902474, levelgen mode: deterministic

345 Mithandil the Shield-Bearer (level 6, -3/56 HPs)
             Began as a Minotaur Fighter on Sept 6, 2019.
             Slain by an unseen horror (8 damage)
             ... on level 5 of the Dungeon.
             The game lasted 00:16:52 (3127 turns).

Mithandil the Shield-Bearer (Minotaur Fighter)      Turns: 3127, Time: 00:16:53

Health: -3/56      AC: 12    Str: 22    XL:     6   Next: 32%
Magic:  5/5        EV:  6    Int:  5    God:
Gold:   120        SH: 10    Dex: 10    Spells: 5/5 levels left

rFire    . . .     SeeInvis .   a - +1 long sword
rCold    . . .     Gourm    .   c - +0 shield
rNeg     . . .     Faith    .   m - +0 chain mail
rPois    .         Spirit   .   (helmet restricted)
rElec    .         Reflect  .   (no cloak)
rCorr    .         Harm     .   r - +0 pair of gloves
MR       +....                  s - +0 pair of boots
Stlth    ..........             (no amulet)
HPRegen  0.18/turn              v - ring of protection from magic
MPRegen  0.09/turn              (no ring)

@: no status effects
A: retaliatory headbutt, horns 2
a: no special abilities


You were on level 5 of the Dungeon.
You were not hungry.

You visited 2 branches of the dungeon, and saw 6 of its levels.

You collected 120 gold pieces.

Inventory:

Hand Weapons
 a - a +1 long sword (weapon)
 b - a +0 hunting sling
 t - a +0 short sword
 y - a +4 dagger
Missiles
 g - 37 poisoned darts (quivered)
 j - 19 sling bullets
 l - 189 stones
Armour
 c - a +0 shield (worn)
 m - a +0 chain mail (worn)
 p - a +1 hat
 r - a +0 pair of gloves (worn)
 s - a +0 pair of boots (worn)
Jewellery
 v - a ring of protection from magic (left hand)
Wands
 w - a wand of clouds (6)
Scrolls
 e - 2 scrolls of teleportation
 k - a scroll of remove curse
 n - 5 scrolls of identify
 o - a scroll of enchant weapon
 u - a scroll of blinking
Potions
 d - 3 potions of might
 i - 2 potions of haste
 q - a potion of berserk rage
 x - a potion of curing
Comestibles
 f - 6 rations
 h - 10 chunks of flesh


   Skills:
 * Level 5.3 Fighting
 * Level 4.3 Long Blades
 + Level 4.5 Armour
 + Level 2.1 Dodging
 * Level 5.3 Shields


You had 5 spell levels left.
You didn't know any spells.
Your spell library contained the following spells:

 Spells                   Type           Power        Failure   Level  Hunger
 Beastly Appendage        Tmut           #.....       100%        1    ##.....
 Sticks to Snakes         Tmut           #.......     100%        2    ###....
 Spider Form              Tmut/Pois      #.........   100%        3    ####...
 Ice Form                 Ice/Tmut       #.......     100%        4    #####..
 Blade Hands              Tmut           #.........   100%        5    ######.


Dungeon Overview and Level Annotations

Branches:
Dungeon (5/15)             Temple (1/1) D:5

Altars:
Ashenzari
Cheibriados
Elyvilon
Gozag
Makhleb
Nemelex Xobeh
Qazlal
Ru
Sif Muna
Trog
Vehumet
Wu Jian
Xom
Zin


Innate Abilities, Weirdness & Mutations

You reflexively headbutt those who attack you in melee.
You have a pair of horns on your head.


Message History

* * * LOW HITPOINT WARNING * * *
The centaur shoots an arrow.
The arrow hits you but does no damage.
You see here an arrow.
Something hits you but does no damage.
Found a ration and a plate armour.
A sky beast comes into view.
Something hits you but does no damage.
The centaur unwields a +0 shortbow.
The centaur barely misses you. You block the adder's attack.
The centaur hits you but does no damage.
You block the adder's attack. The centaur hits you.
* * * LOW HITPOINT WARNING * * *
Something hits you but does no damage. The adder bites you but does no damage.
You hit the centaur.
You headbutt the centaur, but do no damage.
The centaur is moderately wounded.
Something hits you.
* * * LOW HITPOINT WARNING * * *
Something hits you!
You die...

#...# .. .. #...# ...
######... #...#
..Y##+##........ # #...#
.[.............. # #..<#
................ # #...#
.%............. ##
#...#####....@c...#
.###..>....#.....S...#
...........###+##....#
####........#...#.(..#######
#
#........#...#..(.......####
#
#........#...#...(......#..#
#
#........#...#..........#..#
#
#.......##...#..........'..#
#.......##...#..........#..#


You could see a sky beast, a centaur and an adder.

Vanquished Creatures
  A quasit (D:5)
  A bullfrog skeleton (D:5)
  An iguana (D:5)
  6 orc wizards (D:5)
  3 adders
  An ooze (D:1)
  An adder zombie (D:5)
  2 worms
  3 dart slugs
  A leopard gecko (D:1)
  4 orcs (D:5)
  A ball python (D:3)
  9 bats
  4 giant cockroaches
  6 goblins
  6 hobgoblins
  4 jackals (D:3)
  4 quokkas
  2 frilled lizards
  11 kobolds
  6 rats
77 creatures vanquished.

Notes
Turn   | Place    | Note
-------+----------+-------------------------------------------
     0 | D:1      | Mithandil the Minotaur Fighter began the quest for the Orb.
     0 | D:1      | Reached XP level 1. HP: 19/19 MP: 0/0
   177 | D:1      | Reached XP level 2. HP: 27/27 MP: 1/1
   592 | D:2      | Reached XP level 3. HP: 33/33 MP: 2/2
   754 | D:2      | Found a stormy altar of Qazlal.
  1097 | D:3      | Reached skill level 1 in Dodging
  1523 | D:2      | Reached XP level 4. HP: 41/41 MP: 3/3
  2229 | D:4      | Noticed a phantom
  2492 | D:5      | Entered Level 5 of the Dungeon
  2641 | D:5      | Reached XP level 5. HP: 38/47 MP: 4/4
  2760 | D:5      | Reached skill level 5 in Fighting
  2760 | D:5      | Reached skill level 5 in Shields
  2789 | D:5      | Found a staircase to the Ecumenical Temple.
  2798 | Temple   | Entered the Ecumenical Temple
  3060 | D:5      | Reached XP level 6. HP: 36/56 MP: 5/5
  3125 | D:5      | Noticed a sky beast
  3127 | D:5      | Slain by an unseen horror

Levels and vault maps discovered:
D:1:      dpeg_arrival_oval, layout_basic
D:2:      layout_basic, grunt_qazlal_sundering
D:3:      layout_loops_ring, uniq_robin
D:4:      layout_rooms, chequers_serial_rivers_small_b
D:5:      layout_gridville, minmay_temple_entry_waves,
          nicolae_ossuary_entry_ruins, first_ration, kennysheep_donut
Temple:   eino_narrow_crystal_temple

Skill      XL: |  1  2  3  4  5  6 |
---------------+-------------------+-----
Shields        | 4 5 |  5.3
Fighting       | 4 5 |  5.3
Armour         | 4 |  4.5
Dodging        | 1 2 |  2.1
Long Blades    | 3 4 |  4.3

Action                   |  1- 3 |  4- 6 || total
-------------------------+-------+-------++-------
Melee: Long sword        |    99 |   107 ||   206
       Headbutt          |    16 |    17 ||    33
  Use: Potion            |     4 |     1 ||     5
       Scroll            |     2 |     7 ||     9
  Eat: Chunk             |     2 |     5 ||     7
Armor: Scale mail        |    32 |       ||    32
       Chain mail        |     1 |    97 ||    98
Dodge: Dodged            |    21 |    26 ||    47
Block: Shield            |    46 |    65 ||   111
       Rpst.: Long sword |     6 |     8 ||    14

Table legend:
 A = Non-vault XP
 B = Vault XP
 C = Vault XP percentage of total XP
 D = Non-vault monster count
 E = Vault monster count
 F = Vault count percentage of total count
                 A         B        C        D         E       F
            +---------+---------+-------+---------+---------+-------
      Total |     494 |       0 |   0.0 |      77 |       0 |   0.0
            +---------+---------+-------+---------+---------+-------
        D:1 |      50 |       0 |   0.0 |      25 |       0 |   0.0
        D:2 |      50 |       0 |   0.0 |      20 |       0 |   0.0
        D:3 |      30 |       0 |   0.0 |      15 |       0 |   0.0
        D:5 |     364 |       0 |   0.0 |      17 |       0 |   0.0
            +---------+---------+-------+---------+---------+-------
